 Dungeon Crawl Stone Soup version 0.19.3-1-g3169bf9 (webtiles) character file.

199 dngmouse the Skirmisher (level 5, -5/50 HPs)
             Began as a Draconian Enchanter on Jan 25, 2017.
             Was an Initiate of Okawaru.
             Slain by an iguana (9 damage)
             ... on level 4 of the Dungeon.
             The game lasted 00:10:45 (3266 turns).

dngmouse the Skirmisher (Draconian Enchanter)       Turns: 3266, Time: 00:10:46

Health: -5/50      AC:  5    Str: 11    XL:     5   Next: 48%
Magic:  2/8        EV: 12    Int: 15    God:    Okawaru [......]
Gold:   224        SH:  0    Dex: 12    Spells: 2 memorised, 5 levels left

rFire  . . .     SeeInvis .     i - +0 dagger (protect)
rCold  . . .     Gourm    .     (armour unavailable)
rNeg   . . .     Faith    .     (no shield)
rPois  .         Spirit   .     (helmet restricted)
rElec  .         Reflect  .     (no cloak)
rCorr  .         Harm     .     (no gloves)
MR     .....                    (no boots)
Stlth  ++........               (no amulet)
                                (no ring)
                                (no ring)

@: no status effects
A: unfitting armour, cold-blooded, AC +5
a: Renounce Religion


You were on level 4 of the Dungeon.
You worshipped Okawaru.
Okawaru was noncommittal.
You were near starving.

You visited 2 branches of the dungeon, and saw 6 of its levels.

You collected 224 gold pieces.

Inventory:

Hand Weapons
 a - a +1 dagger
 i - a +0 dagger of protection (weapon)
Scrolls
 d - 9 scrolls of identify
 e - a scroll of recharging {unknown}
 h - a scroll of noise {unknown}
 j - 2 scrolls of fear
 m - 2 scrolls of amnesia {unknown}
 n - a scroll of remove curse
Potions
 f - a potion of lignification {unknown}
 k - a potion of heal wounds
 p - a potion of curing {unknown}
Books
 b - a book of Maledictions

   Spells                             Type                      Level
   a - Corona                         Hexes                        1
   b - Ensorcelled Hibernation        Hexes/Ice                    2
   c - Confuse                        Hexes                        3
   d - Tukima's Dance                 Hexes                        3
   e - Dazzling Spray                 Conjuration/Hexes            3
Comestibles
 c - 3 bread rations
 g - 3 meat rations
 o - a beef jerky


   Skills:
 + Level 5.8 Fighting
 - Level 1.0 Short Blades
 - Level 1.7 Dodging
 - Level 2.6 Stealth
 - Level 2.0 Spellcasting
 - Level 2.6 Hexes


You had 5 spell levels left.
You knew the following spells:

 Your Spells              Type           Power        Failure   Level  Hunger
a - Corona                Hex            #......      10%         1    #......
b - Ensorcelled Hibernat  Hex/Ice        #.....       21%         2    ###....


Dungeon Overview and Level Annotations

Branches:
Dungeon (5/15)             Temple (1/1) D:4

Altars:
Ashenzari
Cheibriados
Dithmenos
Elyvilon
Gozag
Hepliaklqana
Kikubaaqudgha
Makhleb
Nemelex Xobeh
Okawaru
Qazlal
Ru
Sif Muna
Trog
Uskayaw
Vehumet
Xom
Yredelemnul
Zin
The Shining One

Annotations:
D:4 Sigmund


Innate Abilities, Weirdness & Mutations

Your plain brown scales are hard. (AC +5)
You cannot fit into any form of body armour.
You are cold-blooded and may be slowed by cold attacks.


Message History

Confirm with . or Enter, or press ? or * to list all spells.
Aiming: Corona
Press: ? - help, Shift-Dir - straight line, f/p - ogre
Aim: an ogre, wielding a giant club (heavily wounded, chance to defeat MR: 44%)
The ogre is outlined in light.
Casting: Corona
Confirm with . or Enter, or press ? or * to list all spells.
Aiming: Ensorcelled Hibernation
Press: ? - help, Shift-Dir - straight line, f/p - ogre
Aim: an ogre, wielding a giant club (heavily wounded, softly glowing, chance to defeat MR: 37%)
The ogre easily resists.
The ogre barely misses you.
Casting: Ensorcelled Hibernation
Confirm with . or Enter, or press ? or * to list all spells.
Aiming: Ensorcelled Hibernation
Press: ? - help, Shift-Dir - straight line, f/p - ogre
Aim: an ogre, wielding a giant club (heavily wounded, softly glowing, chance to defeat MR: 37%)
The ogre easily resists.
The ogre hits you with a giant club!
* * * LOW HITPOINT WARNING * * *
The iguana bites you!
You die...

#..#...#....#
##..# ##..##...#
#....## #
#...#...##.......
##.
#...#......#####.
##..# #..>...##..#
## ....##....###
.# ### #..#....#
.###..
##..##..lO#..##
##).)
#..#....@###..#
#))))
.....#.##....#
#))))
##.###.##.###.####


#PP)P ##..#..##.####... #.P.# #...........#..## ##.## # ##.#.#.#.#.#...## #.##
#..##..............# ##.# #......#.......#...### .# ##...............# #. You
could see an ogre and an iguana.

Vanquished Creatures
  Jessica (D:3)
  6 adders
  3 gnolls (D:3)
  2 oozes
  2 dart slugs
  A worm (D:2)
  A leopard gecko (D:3)
  4 orcs (D:3)
  2 ball pythons
  5 giant cockroaches
  11 hobgoblins
  2 jackals (D:2)
  5 bats
  5 frilled lizards
  7 goblins
  9 kobolds
  5 rats
  A fungus (D:4)
72 creatures vanquished.

Notes
Turn   | Place    | Note
-------+----------+-------------------------------------------
     0 | D:1      | dngmouse the Draconian Enchanter began the quest for the Orb.
     0 | D:1      | Reached XP level 1. HP: 14/14 MP: 3/3
    22 | D:1      | Reached skill level 1 in Fighting
    99 | D:1      | Reached XP level 2. HP: 13/24 MP: 0/5
   252 | D:1      | Reached skill level 2 in Fighting
   274 | D:1      | Learned a level 2 spell: Ensorcelled Hibernation
   863 | D:1      | Reached XP level 3. HP: 30/30 MP: 6/6
   885 | D:1      | Reached skill level 3 in Fighting
  1469 | D:2      | Reached skill level 4 in Fighting
  1588 | D:2      | Reached XP level 4. HP: 39/40 MP: 7/7
  2016 | D:3      | Found a shimmering altar of Xom.
  2105 | D:3      | Found a white marble altar of Elyvilon.
  2105 | D:3      | Found an opulent altar of Gozag.
  2257 | D:3      | Noticed Jessica
  2261 | D:3      | Killed Jessica
  2261 | D:3      | Reached skill level 5 in Fighting
  2261 | D:3      | Reached XP level 5. HP: 43/48 MP: 8/8
  2843 | D:3      | You fall through a shaft for 2 floors!
  2843 | D:5      | Entered Level 5 of the Dungeon
  2999 | D:4      | Found a runed door.
  3004 | D:4      | Found a staircase to the Ecumenical Temple.
  3011 | Temple   | Entered the Ecumenical Temple
  3189 | Temple   | Became a worshipper of Warmaster Okawaru
  3221 | D:4      | Noticed an ogre
  3253 | D:4      | Noticed Sigmund
  3266 | D:4      | Slain by an iguana

Skill      XL: |  1  2  3  4 |
---------------+-------------+-----
Fighting       | 1 2 4 5 |  5.8
Short Blades   | |  1.0
Dodging        | |  1.7
Stealth        | |  2.6
Spellcasting   | |  2.0
Hexes          | |  2.6

Action                   |  1- 3 |  4- 6 || total
-------------------------+-------+-------++-------
Melee: Dagger            |   227 |   229 ||   456
       Tailslap          |    25 |    23 ||    48
 Cast: Corona            |     8 |     2 ||    10
       Ensorcelled Hiber |       |     4 ||     4
  Use: Scroll            |     6 |       ||     6
 Stab: Distracted        |     1 |       ||     1
       Sleeping          |     1 |     5 ||     6
  Eat: Chunk             |     2 |     5 ||     7
Armor: Skin              |    65 |    72 ||   137
Dodge: Dodged            |   135 |   139 ||   274
